[ AOE2 MATCH · #460638007 ]
UnrankedHindustanis vs Romans
Rival team · LOSS
[ REPLAY ANALYSIS · EXTRACTED FROM THE RECORDED GAME ]
Feudal
11:52
Castle
26:09
Imperial
—
| APM avg | 44.4 |
| APM peak | 88 |
| eAPM avg | 28.8 |
| Villagers / military | 121 / 164 |
Focus
⚔️ 37.1% · 🌾 62.9%
Militia ×125 · Ghulam ×18 · Scorpion ×11 · Armored Elephant ×10
Feudal
9:29
Castle
23:20
Imperial
—
| APM avg | 51.1 |
| APM peak | 85 |
| eAPM avg | 21.3 |
| Villagers / military | 106 / 64 |
Focus
⚔️ 24.5% · 🌾 75.5%
Militia ×39 · Archer ×15 · Scorpion ×5 · Cavalry Archer ×4 · Mangonel ×1
Match map
Initial resources + every placement click. Lines = walls · curves = elevation contours. ◆ gold · ⬟ stone · ● berries · ✦ relic · ◌ wall gap
Your base· Open — 6t gap
BoiSelvagem's base· Open — 6t gap
Smoothed initial terrain · ◌ = detected wall gap · hover for details
Inputs per minute
— No_hope - - BoiSelvagem
Build order — No_hope
First 150 of 426 actions detected
| 0:03 | Create | Villager (Male) |
| 0:04 | Create | Villager (Male) |
| 0:04 | Create | Villager (Male) |
| 0:05 | Create | Villager (Male) |
| 0:09 | Build | House |
| 0:14 | Build | House |
| 1:08 | Create | Villager (Male) |
| 1:08 | Create | Villager (Male) |
| 1:32 | Create | Villager (Male) |
| 1:33 | Create | Villager (Male) |
| 2:03 | Create | Villager (Male) |
| 2:15 | Create | Villager (Male) |
| 2:15 | Create | Villager (Male) |
| 2:41 | Build | Lumber Camp |
| 2:52 | Create | Villager (Male) |
| 3:01 | Create | Villager (Male) |
| 3:01 | Create | Villager (Male) |
| 3:28 | Build | House |
| 3:31 | Create | Villager (Male) |
| 3:47 | Create | Villager (Male) |
| 4:18 | Create | Villager (Male) |
| 4:18 | Create | Villager (Male) |
| 5:08 | Create | Villager (Male) |
| 5:08 | Create | Villager (Male) |
| 5:14 | Build | Mill |
| 5:57 | Create | Villager (Male) |
| 5:57 | Create | Villager (Male) |
| 5:58 | Create | Villager (Male) |
| 5:58 | Create | Villager (Male) |
| 5:58 | Create | Villager (Male) |
| 6:00 | Build | House |
| 6:05 | Create | Villager (Male) |
| 6:05 | Create | Villager (Male) |
| 6:05 | Create | Villager (Male) |
| 6:10 | Create | Villager (Male) |
| 6:11 | Create | Villager (Male) |
| 6:18 | Create | Villager (Male) |
| 6:18 | Create | Villager (Male) |
| 6:32 | Create | Villager (Male) |
| 6:32 | Create | Villager (Male) |
| 6:42 | Create | Villager (Male) |
| 6:43 | Create | Villager (Male) |
| 6:46 | Build | House |
| 6:50 | Create | Villager (Male) |
| 6:50 | Create | Villager (Male) |
| 7:03 | Create | Villager (Male) |
| 7:04 | Create | Villager (Male) |
| 7:22 | Create | Villager (Male) |
| 7:33 | Create | Villager (Male) |
| 7:57 | Build | Barracks |
| 8:13 | Create | Villager (Male) |
| 8:14 | Create | Villager (Male) |
| 8:21 | Build | Palisade Wall |
| 8:30 | Build | Farm |
| 8:51 | Research | Loom |
| 8:57 | Build | Farm |
| 8:57 | Create | Villager (Male) |
| 8:58 | Create | Villager (Male) |
| 8:58 | Create | Villager (Male) |
| 9:10 | Build | Farm |
| 9:10 | Create | Villager (Male) |
| 9:10 | Create | Villager (Male) |
| 9:11 | Create | Villager (Male) |
| 9:11 | Create | Villager (Male) |
| 9:11 | Create | Villager (Male) |
| 9:12 | Create | Villager (Male) |
| 9:12 | Create | Villager (Male) |
| 9:12 | Create | Villager (Male) |
| 9:12 | Create | Villager (Male) |
| 9:13 | Create | Villager (Male) |
| 9:15 | Create | Villager (Male) |
| 9:16 | Create | Villager (Male) |
| 9:28 | Research | Feudal Age |
| 9:28 | Research | Feudal Age |
| 9:29 | Create | Villager (Male) |
| 9:30 | Create | Villager (Male) |
| 9:31 | Build | Farm |
| 9:37 | Create | Villager (Male) |
| 9:53 | Build | Farm |
| 10:08 | Create | Villager (Male) |
| 10:11 | Create | Villager (Male) |
| 10:14 | Create | Villager (Male) |
| 10:20 | Create | Militia |
| 10:21 | Create | Militia |
| 10:21 | Create | Militia |
| 10:22 | Create | Villager (Male) |
| 10:28 | Build | Mining Camp |
| 10:30 | Create | Villager (Male) |
| 10:37 | Create | Villager (Male) |
| 10:47 | Create | Villager (Male) |
| 10:55 | Build | Farm |
| 10:58 | Create | Villager (Male) |
| 11:02 | Create | Villager (Male) |
| 11:05 | Create | Villager (Male) |
| 11:25 | Build | Farm |
| 11:32 | Build | House |
| 11:39 | Create | Militia |
| 11:41 | Create | Villager (Male) |
| 11:46 | Create | Villager (Male) |
| 11:50 | Create | Villager (Male) |
| 11:50 | Create | Villager (Male) |
| 11:52 | Age | Feudal Age |
| 11:55 | Create | Villager (Male) |
| 12:02 | Research | Man-at-Arms (upgrade) |
| 12:03 | Research | Man-at-Arms (upgrade) |
| 12:03 | Create | Villager (Male) |
| 12:06 | Build | House |
| 12:07 | Create | Villager (Male) |
| 12:13 | Research | Double-Bit Axe |
| 12:13 | Research | Double-Bit Axe |
| 12:14 | Create | Villager (Male) |
| 12:23 | Create | Militia |
| 12:23 | Create | Militia |
| 12:24 | Create | Militia |
| 12:26 | Create | Villager (Male) |
| 12:29 | Create | Villager (Male) |
| 12:31 | Create | Villager (Male) |
| 12:38 | Create | Villager (Male) |
| 12:41 | Build | House |
| 12:42 | Create | Villager (Male) |
| 12:45 | Build | Farm |
| 12:45 | Create | Villager (Male) |
| 12:50 | Create | Villager (Male) |
| 12:50 | Create | Villager (Male) |
| 12:51 | Create | Villager (Male) |
| 12:51 | Create | Villager (Male) |
| 12:57 | Create | Militia |
| 12:58 | Create | Militia |
| 13:14 | Create | Villager (Male) |
| 13:18 | Create | Villager (Male) |
| 13:21 | Build | Farm |
| 13:24 | Build | Farm |
| 13:39 | Create | Villager (Male) |
| 13:53 | Create | Militia |
| 13:53 | Create | Militia |
| 13:57 | Create | Villager (Male) |
| 14:03 | Build | Farm |
| 14:20 | Create | Villager (Male) |
| 14:22 | Create | Militia |
| 14:23 | Create | Militia |
| 14:39 | Create | Militia |
| 14:42 | Build | Blacksmith |
| 14:47 | Create | Militia |
| 15:04 | Create | Villager (Male) |
| 15:10 | Build | Farm |
| 15:13 | Build | Farm |
| 15:14 | Build | Farm |
| 15:30 | Research | Scale Mail Armor |
| 15:31 | Research | Scale Mail Armor |
| 15:38 | Build | House |
Build order — BoiSelvagem
First 150 of 332 actions detected
| 0:00 | Create | Villager (Male) |
| 0:01 | Create | Villager (Male) |
| 0:02 | Build | House |
| 0:03 | Build | House |
| 0:14 | Create | Villager (Male) |
| 0:20 | Create | Villager (Male) |
| 1:27 | Create | Villager (Male) |
| 1:45 | Build | Lumber Camp |
| 2:02 | Create | Villager (Male) |
| 2:06 | Create | Villager (Male) |
| 2:56 | Create | Villager (Male) |
| 3:16 | Create | Villager (Male) |
| 3:28 | Create | Villager (Male) |
| 4:07 | Create | Villager (Male) |
| 4:17 | Build | House |
| 4:25 | Build | House |
| 4:29 | Create | Villager (Male) |
| 4:29 | Create | Villager (Male) |
| 5:13 | Create | Villager (Male) |
| 5:14 | Create | Villager (Male) |
| 5:17 | Create | Villager (Male) |
| 5:43 | Build | Mill |
| 6:09 | Create | Villager (Male) |
| 6:27 | Create | Villager (Male) |
| 6:54 | Research | Loom |
| 7:04 | Build | House |
| 7:15 | Research | Feudal Age |
| 7:58 | Create | Villager (Male) |
| 8:07 | Build | Barracks |
| 9:01 | Build | Mining Camp |
| 9:13 | Build | House |
| 9:16 | Build | Palisade Wall |
| 9:29 | Age | Feudal Age |
| 9:31 | Create | Villager (Male) |
| 9:38 | Build | Archery Range |
| 9:46 | Research | Double-Bit Axe |
| 9:47 | Research | Double-Bit Axe |
| 10:03 | Create | Villager (Male) |
| 10:24 | Build | Farm |
| 10:25 | Create | Villager (Male) |
| 10:32 | Create | Archer |
| 10:47 | Create | Villager (Male) |
| 10:50 | Build | Farm |
| 10:58 | Build | Farm |
| 11:05 | Create | Villager (Male) |
| 11:16 | Create | Archer |
| 11:27 | Create | Archer |
| 11:34 | Build | Farm |
| 11:53 | Build | Blacksmith |
| 12:07 | Create | Villager (Male) |
| 12:10 | Build | Farm |
| 12:25 | Build | Farm |
| 12:29 | Create | Archer |
| 12:36 | Create | Villager (Male) |
| 12:40 | Build | House |
| 12:41 | Build | House |
| 12:44 | Research | Town Watch |
| 12:54 | Build | House |
| 12:59 | Build | Palisade Wall |
| 13:04 | Research | Fletching |
| 13:25 | Create | Archer |
| 13:26 | Create | Villager (Male) |
| 13:32 | Build | Farm |
| 13:45 | Build | Palisade Wall |
| 13:46 | Build | Palisade Wall |
| 13:59 | Build | House |
| 14:03 | Build | Palisade Wall |
| 14:07 | Create | Villager (Male) |
| 14:23 | Create | Villager (Male) |
| 14:30 | Create | Villager (Male) |
| 14:32 | Build | Farm |
| 14:38 | Build | Farm |
| 14:39 | Build | Farm |
| 14:40 | Create | Villager (Male) |
| 14:47 | Create | Archer |
| 14:54 | Build | House |
| 14:55 | Build | House |
| 14:56 | Build | House |
| 15:01 | Create | Villager (Male) |
| 15:03 | Create | Villager (Male) |
| 15:09 | Build | House |
| 15:10 | Build | Palisade Wall |
| 15:13 | Create | Villager (Male) |
| 15:18 | Create | Villager (Male) |
| 15:34 | Build | House |
| 15:49 | Create | Archer |
| 15:56 | Create | Villager (Male) |
| 15:58 | Create | Villager (Male) |
| 16:02 | Build | House |
| 16:34 | Create | Villager (Male) |
| 16:54 | Build | Farm |
| 16:55 | Create | Villager (Male) |
| 17:15 | Create | Villager (Male) |
| 17:16 | Create | Archer |
| 17:24 | Build | House |
| 17:30 | Create | Villager (Male) |
| 17:32 | Build | Farm |
| 17:35 | Create | Villager (Male) |
| 17:44 | Build | Farm |
| 17:47 | Build | House |
| 17:49 | Build | House |
| 17:51 | Build | Farm |
| 18:10 | Create | Villager (Male) |
| 18:11 | Create | Archer |
| 18:23 | Create | Archer |
| 18:36 | Build | House |
| 18:40 | Build | House |
| 18:40 | Build | House |
| 18:41 | Build | House |
| 18:42 | Create | Villager (Male) |
| 18:46 | Build | Farm |
| 19:06 | Build | Palisade Wall |
| 19:08 | Build | Palisade Wall |
| 19:15 | Create | Archer |
| 19:19 | Create | Archer |
| 19:39 | Build | House |
| 19:40 | Build | Palisade Wall |
| 19:47 | Create | Villager (Male) |
| 20:07 | Create | Archer |
| 20:08 | Build | Farm |
| 20:40 | Research | Castle Age |
| 21:07 | Build | Farm |
| 21:08 | Build | Farm |
| 21:31 | Build | House |
| 21:32 | Build | Palisade Wall |
| 21:36 | Create | Villager (Male) |
| 21:51 | Build | Palisade Wall |
| 22:00 | Build | Palisade Wall |
| 22:07 | Create | Villager (Male) |
| 22:16 | Build | House |
| 22:38 | Create | Archer |
| 22:44 | Build | Barracks |
| 23:08 | Create | Archer |
| 23:20 | Age | Castle Age |
| 23:20 | Build | Farm |
| 23:35 | Create | Cavalry Archer |
| 23:44 | Create | Cavalry Archer |
| 23:58 | Build | Town Center |
| 24:03 | Build | Farm |
| 24:04 | Create | Villager (Male) |
| 24:35 | Build | Town Center |
| 24:38 | Create | Villager (Male) |
| 24:39 | Create | Villager (Male) |
| 24:41 | Build | Farm |
| 24:41 | Build | Farm |
| 24:50 | Build | Palisade Wall |
| 24:55 | Research | Man-at-Arms (upgrade) |
| 24:57 | Research | Scale Mail Armor |
| 25:10 | Build | Farm |
| 25:14 | Create | Militia |
Match timeline
| 7:57 | No_hope · first_building Barracks |
| 8:07 | BoiSelvagem · first_building Barracks |
| 8:21 | No_hope · wall_segment Palisade Wall x1 |
| 9:16 | BoiSelvagem · wall_segment Palisade Wall x7 |
| 9:29 | BoiSelvagem · age_up feudal |
| 9:38 | BoiSelvagem · first_building Archery Range |
| 11:52 | No_hope · age_up feudal |
| 12:59 | BoiSelvagem · wall_segment Palisade Wall x16 |
| 13:45 | BoiSelvagem · wall_segment Palisade Wall x1 |
| 13:46 | BoiSelvagem · wall_segment Palisade Wall x1 |
| 14:03 | BoiSelvagem · wall_segment Palisade Wall x1 |
| 15:10 | BoiSelvagem · wall_segment Palisade Wall x6 |
| 18:51 | No_hope · wall_segment Palisade Wall x1 |
| 18:54 | No_hope · wall_segment Palisade Wall x6 |
| 19:06 | BoiSelvagem · wall_segment Palisade Wall x1 |
| 19:08 | BoiSelvagem · wall_segment Palisade Wall x1 |
| 19:40 | BoiSelvagem · wall_segment Palisade Wall x7 |
| 21:32 | BoiSelvagem · wall_segment Palisade Wall x4 |
| 21:51 | BoiSelvagem · wall_segment Palisade Wall x1 |
| 22:00 | BoiSelvagem · wall_segment Palisade Wall x2 |
| 23:20 | BoiSelvagem · age_up castle |
| 24:50 | BoiSelvagem · wall_segment Palisade Wall x4 |
| 25:41 | No_hope · first_market_buy 100 stone |
| 26:09 | No_hope · age_up castle |
| 26:22 | No_hope · first_building Siege Workshop |
| 27:33 | BoiSelvagem · wall_segment Palisade Wall x4 |
| 31:44 | BoiSelvagem · first_building Siege Workshop |
| 33:11 | No_hope · first_building Castle |
| 35:51 | BoiSelvagem · first_market_buy 100 stone |
| 39:34 | BoiSelvagem · resign |
[ AI ANALYSIS · 1 CREDIT ]
What really happened in this match?
Wolo.gg analyzes every decision: build order, eco, micro, common mistakes by bracket. Personalized analysis on WhatsApp or Discord in 30 seconds.
Civ guide
Hindustanis
Perfil
Jugador #17781122